[Event "3rd HoliCup Lake City 2019"]
[Site "Udaipur"]
[Date "2019.03.30"]
[Round "6"]
[White "Arun Kataria"]
[Black "Hitesh, S. Jariya"]
[Result "1-0"]
[ECO "B73"]
[WhiteElo "1581"]
[BlackElo "1871"]
[Annotator "NA"]
[PlyCount "105"]
[EventDate "2019.??.??"]
[EventCountry "IND"]
[SourceTitle "playchess.com"]
[Source "ChessBase"]
[SourceQuality "1"]
[TimeControl "5400+30"]

1. e4 c5 2. Nf3 d6 3. d4 cxd4 4. Nxd4 Nf6 5. Nc3 g6 6. Be2 {LiveBook: 1917 Games} Bg7 7. O-O O-O 8. Be3 Nc6 9. f3 d5 10. exd5 {B73: Sicilian Dragon: Classical System without 9 Nb3} Nxd5 11. Nxd5 Qxd5 12. c3 (12. Nxc6 Qxc6 13. c3 e5 14. Qe1 (14. Qb3 Be6 15. Qb5 Qxb5 16. Bxb5 a6 {1-0 (52) Musumeci,V-Del Giudice,S (2058) Salsomaggiore Terme 2006}) 14... Be6 15. Qf2 Rfd8 16. a4 a6 17. a5 Bf8 18. Rfc1 Rac8 19. b4 Bc4 20. Bb6 Rd2 21. Re1 Rxe2 22. Rxe2 Bxe2 23. Qxe2 Qxc3 24. Re1 Bxb4 {0-1 (24) Brunello,M (2354)-Gaponenko,I (2416) Riga 2017}) 12... Nxd4 13. Bxd4 e5 14. Bf2 $146 ({Predecessor:} 14. Be3) 14... Qc6 15. Qc2 Bf5 16. Bd3 Bxd3 17. Qxd3 Rfd8 18. Qc2 b5 19. a3 a5 20. Qe2 a4 21. Rad1 Qc4 22. Qc2 Qb3 23. Qxb3 axb3 24. Bb6 Rdb8 25. Bc7 Rb7 26. Bd6 Rd8 27. Bc5 Rbd7 28. Rxd7 Rxd7 29. Be3 $1 f5 30. Kf2 Kf7 (30... f4 $5 31. Bc1 Bf8 $11) 31. Ke2 Ke6 $14 32. Ra1 e4 33. fxe4 fxe4 34. a4 bxa4 35. Rxa4 Rb7 36. Rxe4+ Kd5 37. Kd3 Bxc3 38. Bd4 Bxd4 39. Rxd4+ Ke5 40. Kc3 h5 41. Rb4 Rf7 42. Rb5+ Kf4 43. Kxb3 g5 44. Rc5 h4 45. Kc3 g4 46. Rc4+ Kg5 47. Rd4 Rf1 48. Rd5+ Kg6 49. Rd4 Kg5 50. Rd5+ Kg6 51. Rd4 Kg5 52. Rd5+ Kf4 53. Rh5 1-0

[Event "3rd HoliCup Lake City 2019"]
[Site "Udaipur"]
[Date "2019.03.30"]
[Round "6"]
[White "Awade Pradeep"]
[Black "Dubey Sanchay"]
[Result "0-1"]
[ECO "B30"]
[WhiteElo "1548"]
[BlackElo "1828"]
[Annotator "NA"]
[PlyCount "136"]
[EventDate "2019.??.??"]
[EventCountry "IND"]
[SourceTitle "playchess.com"]
[Source "ChessBase"]
[SourceQuality "1"]
[TimeControl "5400+30"]

1. e4 c5 2. Nf3 d6 3. d3 Nc6 4. g3 e6 5. Bg2 Nf6 6. O-O Be7 {LiveBook: 452 Games} 7. Re1 Qc7 8. Nbd2 O-O 9. Nf1 Rb8 10. Nh4 b5 11. f4 $11 Bb7 12. g4 Ne8 13. g5 Qd8 14. Nf3 d5 15. e5 d4 16. Ng3 Nc7 17. Nh4 Nd5 18. Qh5 g6 19. Qg4 Ncb4 20. Qe2 h6 21. Nf3 hxg5 22. fxg5 Ne3 23. Bxe3 dxe3 24. h4 Kg7 25. a3 Nd5 26. Ne4 Qb6 27. Nf6 Rbd8 28. Nxd5 Bxd5 29. Qxe3 c4 30. Qxb6 axb6 31. Nh2 Bc5+ 32. Kf1 cxd3 33. cxd3 Bxg2+ 34. Kxg2 Rxd3 35. Rad1 Rfd8 36. Rxd3 Rxd3 37. Nf3 b4 38. axb4 Bxb4 39. Re2 Kf8 40. Kg3 Ke7 41. Kf4 Bc5 42. Rc2 Rb3 43. Nd2 Be3+ 44. Kg4 Rb4+ 45. Kh3 Bxd2 46. Rxd2 Re4 47. Rd6 b5 48. Rb6 Rxe5 49. Rb7+ Kf8 50. Kg3 Re3+ 51. Kf4 Rb3 52. Ke5 Rxb2 53. Rb8+ Kg7 54. Kd6 b4 55. Ke7 b3 56. Rb4 e5 57. Re4 Rh2 58. Rxe5 Rxh4 59. Rb5 Re4+ 60. Kd6 Re3 61. Rb7 Rf3 62. Ke5 Rf5+ 63. Ke4 Rxg5 64. Rxb3 Rf5 65. Rb1 f6 66. Rb6 Re5+ 67. Kf4 g5+ 68. Kg4 Kg6 0-1

[Event "3rd HoliCup Lake City 2019"]
[Site "Udaipur"]
[Date "2019.03.31"]
[Round "7.6"]
[White "Sanchit, Anand"]
[Black "Dutta, Joydeep"]
[Result "1/2-1/2"]
[ECO "C50"]
[WhiteElo "1817"]
[BlackElo "2097"]
[Annotator "NA RC"]
[PlyCount "79"]
[EventDate "2019.??.??"]
[EventCountry "IND"]
[SourceTitle "playchess.com"]
[Source "ChessBase"]
[SourceQuality "1"]
[TimeControl "5400+30"]

1. e4 e5 2. Nf3 Nc6 3. Bc4 Nf6 4. d3 Bc5 5. c3 d6 6. Nbd2 a6 7. Bb3 O-O 8. O-O Ba7 9. h3 Nh5 {[%emt 0:07:47] C54: Giuoco Piano: 4 c3 Nf6, main lines with 5 d4 and 5 d3} (9... Ne7 10. Re1 Ng6 11. Nf1 Re8 12. Ng3 h6 13. d4 c6 14. Be3 exd4 15. Bxd4 c5 {½-½ (15) Andreikin,D (2719)-Mamedyarov,S (2817) St Petersburg 2018}) 10. Nxe5 Nxe5 11. Qxh5 Nxd3 12. Nf3 Qf6 13. Bg5 Qg6 14. Qxg6 {[%emt 0:00:51] Pin} hxg6 15. Rad1 Nc5 16. Bc2 f6 17. Be3 {[%emt 0:05:47] [#]} Be6 $146 18. b4 Nd7 19. Bxa7 Rxa7 20. a4 a5 21. Nd4 Bc4 22. Rfe1 Nb6 23. b5 Raa8 24. f4 Rae8 25. Nf3 Bf7 26. Kf2 Re7 27. Re2 Rfe8 28. Rde1 Nd7 29. Re3 Nc5 30. Nd4 Bc4 31. Kf3 Bf7 32. g3 Kf8 33. Kf2 Kg8 34. Kf3 Rf8 35. Kf2 Rfe8 36. Kf3 Nd7 37. Bb3 Nc5 38. Bc2 Nd7 39. Bb3 Nc5 $11 40. Bc2 $1 1/2-1/2

[Event "3rd HoliCup Lake City 2019"]
[Site "Udaipur"]
[Date "2019.03.31"]
[Round "7.7"]
[White "Chandan, Mandal"]
[Black "Sudhanshu, Ranjan"]
[Result "*"]
[ECO "D35"]
[WhiteElo "1799"]
[BlackElo "2056"]
[Annotator "NA RC"]
[PlyCount "21"]
[EventDate "2019.??.??"]
[EventCountry "IND"]
[SourceTitle "playchess.com"]
[Source "ChessBase"]
[SourceQuality "1"]
[TimeControl "5400+30"]

1. d4 d5 2. c4 e6 3. Nc3 Nf6 4. cxd5 exd5 5. Bg5 Be7 6. e3 O-O 7. Bd3 Be6 8. Nf3 c6 9. Qc2 h6 10. Bh4 Nfd7 11. h3 *

[Event "3rd HoliCup Lake City 2019"]
[Site "Udaipur"]
[Date "2019.03.31"]
[Round "7.7"]
[White "Chandan, Mandal"]
[Black "Sudhanshu, Ranjan"]
[Result "1-0"]
[ECO "D35"]
[WhiteElo "1799"]
[BlackElo "2056"]
[Annotator "NA RC"]
[PlyCount "50"]
[EventDate "2019.??.??"]
[EventCountry "IND"]
[SourceTitle "playchess.com"]
[Source "ChessBase"]
[SourceQuality "1"]
[TimeControl "5400+30"]

1. d4 d5 2. c4 e6 3. Nc3 Nf6 4. cxd5 exd5 5. Bg5 Be7 6. e3 O-O 7. Bd3 Be6 8. Nf3 c6 9. Qc2 h6 10. Bh4 Nbd7 11. h3 Ne8 {[%emt 0:02:36] D36: Queen's Gambit Declined: Exchange Variation: Main line (5 Bg5 c6 6 Qc2)} 12. Bxe7 Qxe7 13. O-O Nef6 14. Rfe1 $146 ({Predecessor:} 14. Rac1 Ne8 15. Rfe1 Nd6 16. Ne5 Rfe8 {½-½ (26) Vecek,M (2289)-Almarza Mato,C (2137) ICCF email 2014}) 14... Rfc8 15. Rad1 Qd6 16. a3 a5 17. Qe2 Re8 18. Nh4 Rab8 19. Nf5 Bxf5 20. Bxf5 Nb6 21. Qc2 Rbd8 22. Bd3 Re7 23. a4 Rc7 24. Ne2 Rb8 $11 25. Rc1 Nfd7 1-0

[Event "3rd HoliCup Lake City 2019"]
[Site "Udaipur"]
[Date "2019.03.31"]
[Round "7.8"]
[White "Suvankar, Maity"]
[Black "Ranjith, R.K."]
[Result "1/2-1/2"]
[ECO "A91"]
[WhiteElo "1911"]
[BlackElo "1790"]
[Annotator "NA RC"]
[PlyCount "117"]
[EventDate "2019.??.??"]
[EventCountry "IND"]
[SourceTitle "playchess.com"]
[Source "ChessBase"]
[SourceQuality "1"]
[TimeControl "5400+30"]

1. d4 e6 2. c4 f5 3. g3 Nf6 4. Bg2 Be7 5. Nc3 O-O 6. d5 e5 {[%emt 0:06:03] A91: Classical Dutch: Early Deviations} 7. e4 (7. Nf3 d6 8. O-O a5 9. c5 Na6 10. cxd6 cxd6 11. Ng5 Nc7 12. a4 h6 13. Nf3 Na6 14. Nd2 Bd7 15. Nc4 Rc8 16. b3 Nc5 {1-0 (35) Tarlev,K (2547)-Noroozi,O (2364) Urmia 2015}) 7... d6 8. Nge2 Qe8 9. Qc2 $146 ({Predecessor:} 9. O-O Qh5 10. f4 fxe4 11. Nxe4 Bg4 12. Rf2 Nxe4 13. Bxe4 exf4 14. Bxf4 {½-½ (39) Simic,M (2100)-Spelec,D (1924) Portoroz 2016}) 9... Qg6 10. O-O fxe4 11. Nxe4 Bf5 12. N2c3 Nbd7 13. Qe2 Nxe4 14. Nxe4 Nf6 15. Re1 Nxe4 16. Bxe4 h5 17. a4 Rf7 18. b3 Raf8 19. Ra2 Bg5 20. Bxf5 Rxf5 21. Bxg5 Qxg5 22. Qe3 h4 ({Black should try} 22... Qg4 $17 23. Qxa7 h4) 23. Qxg5 ({But not} 23. Qxa7 Rf3 $17) 23... Rxg5 24. Kg2 Rgf5 25. Re3 h3+ 26. Kf1 Rf3 27. Rae2 g5 28. Rxf3 Rxf3 29. Re3 Rxe3 30. fxe3 e4 $2 (30... g4 $1 $11 {and Black has nothing to worry.}) 31. g4 (31. a5 $142 g4 32. Ke2) 31... Kf7 32. Kf2 $2 (32. a5 $18 {is the precise move to win.} Ke8 33. Kf2) 32... Kf6 $2 (32... c6 $16 {is more resistant.}) 33. Kg3 Ke5 34. Kxh3 c6 35. Kg3 $2 (35. dxc6 $18 bxc6 36. a5) 35... cxd5 36. cxd5 Kxd5 37. h4 gxh4+ 38. Kxh4 Ke5 39. g5 d5 $1 40. Kg4 d4 $1 41. exd4+ Kxd4 42. g6 e3 43. Kf3 Kd3 44. g7 e2 45. g8=Q $1 ({Much weaker is} 45. Kf2 Kd2 $17) 45... e1=Q 46. Qc4+ Kd2 47. Qb4+ Kd1 48. Qxe1+ Kxe1 49. Ke3 Kd1 50. Kd3 Kc1 51. Kc3 Kb1 52. Kb4 Ka2 53. a5 Kb2 54. a6 b6 55. Kb5 Kxb3 56. Kc6 Kc4 57. Kb7 b5 58. Kxa7 b4 59. Kb8 $11 1/2-1/2

[Event "3rd HoliCup Lake City 2019"]
[Site "Udaipur"]
[Date "2019.03.31"]
[Round "7.9"]
[White "Heikrujam, Jacky Singh"]
[Black "Atri, Chattopadhyay"]
[Result "1/2-1/2"]
[ECO "A80"]
[WhiteElo "1886"]
[BlackElo "1743"]
[Annotator "NA RC"]
[PlyCount "55"]
[EventDate "2019.??.??"]
[EventCountry "IND"]
[SourceTitle "playchess.com"]
[Source "ChessBase"]
[SourceQuality "1"]
[TimeControl "5400+30"]

1. d4 f5 2. Bg5 Nf6 3. Bxf6 exf6 4. Nf3 d5 5. g3 Bd6 6. Bg2 c6 7. O-O O-O 8. e3 Be6 9. Nbd2 Na6 10. Rc1 Nc7 11. c4 g6 12. Ne1 Re8 13. Nd3 Kg7 14. c5 Bf8 15. Nb1 Bf7 16. Nc3 Qd7 17. b4 b5 18. cxb6 axb6 19. Rc2 Reb8 20. Qd2 Ne8 21. Rfc1 Ra7 22. Ne2 Nd6 23. Nc3 Nc4 24. Qd1 Na3 25. Rb2 Nc4 (25... b5 $15) 26. Rb3 Rba8 ({Better is} 26... b5 $15) 27. a4 c5 $2 (27... Rc8 $11) 28. b5 $17 ({But not} 28. bxc5 bxc5 29. Nxc5 (29. dxc5 Rc8 $16) 29... Qd8) ({White should play} 28. dxc5 $18 Rc8 29. cxb6 Nxb6 30. a5) 1/2-1/2

[Event "3rd HoliCup Lake City 2019"]
[Site "Udaipur"]
[Date "2019.03.31"]
[Round "7.10"]
[White "Nirgun, Keval"]
[Black "Awadh, Chaitanya"]
[Result "0-1"]
[ECO "A05"]
[WhiteElo "1779"]
[BlackElo "1882"]
[Annotator "NA RC"]
[PlyCount "108"]
[EventDate "2019.??.??"]
[EventCountry "IND"]
[SourceTitle "playchess.com"]
[Source "ChessBase"]
[SourceQuality "1"]
[TimeControl "5400+30"]

1. Nf3 Nf6 2. c4 e6 3. g3 d5 4. d4 Bb4+ 5. Bd2 Be7 6. Bg2 O-O 7. O-O c6 8. b3 Nbd7 9. Nc3 b6 10. Bf4 Ba6 11. Nd2 {[%emt 0:00:30] E15: Queen's Indian: 4 g3 sidelines, 4 g3 Ba6 and 4 g3 Bb7 early deviations} Rc8 (11... Nh5 12. Be3 Rc8 13. a4 f5 14. cxd5 exd5 15. Nf3 f4 16. Bd2 Bd6 17. Re1 Re8 18. e4 fxe3 19. Bxe3 {½-½ (57) Li,C (2751)-Wojtaszek,R (2727) Huaian 2016}) 12. e4 Nxe4 13. Ndxe4 dxe4 14. Nxe4 Nf6 15. Rc1 Nxe4 16. Bxe4 Bf6 $146 ({Predecessor:} 16... Bg5 17. Qh5 f5 18. Bxg5 {1-0 (17) Hlavnicka,J (2210)-Novotny,V Plzen 1995}) 17. Be5 Bg5 18. Rc3 f6 19. Bf4 Bxf4 20. gxf4 f5 21. Bg2 Qd6 22. Qd2 Rcd8 23. Rd1 Rf6 24. Rg3 Rh6 25. Qe3 Rh4 26. Re1 Bc8 $11 27. d5 exd5 28. cxd5 cxd5 29. Qd4 Rg4 30. Rd3 Ba6 31. Rde3 Rxf4 32. Bxd5+ Kf8 33. Qe5 Qxe5 34. Rxe5 Rxd5 35. Rxd5 Rg4+ 36. Kh1 Bb7 37. Red1 Ke7 38. f3 Bxd5 39. Rxd5 Ke6 40. Rd8 Rg6 41. f4 Rg4 42. Ra8 Rxf4 43. Kg2 a5 44. Rb8 Rb4 45. Kf3 Kf6 46. Rb7 h5 47. h3 g6 48. Rb8 Kg5 49. Rb7 a4 50. bxa4 Rxa4 51. Rxb6 Ra3+ 52. Kg2 Rxa2+ 53. Kf3 Kh4 54. Rb8 Rh2 0-1

[Event "3rd HoliCup Lake City 2019"]
[Site "Udaipur"]
[Date "2019.03.31"]
[Round "7.11"]
[White "Shubham"]
[Black "Pingale, Shivraj"]
[Result "1-0"]
[ECO "C02"]
[WhiteElo "1880"]
[BlackElo "1600"]
[Annotator "NA RC"]
[PlyCount "121"]
[EventDate "2019.??.??"]
[EventCountry "IND"]
[SourceTitle "playchess.com"]
[Source "ChessBase"]
[SourceQuality "1"]
[TimeControl "5400+30"]

1. e4 e6 2. d4 d5 3. e5 c5 4. c3 Nc6 5. Nf3 Qb6 6. a3 c4 7. Nbd2 Na5 8. Be2 Bd7 9. O-O Ne7 10. Rb1 Nc8 {[%emt 0:02:15] C02: French: Advance Variation} (10... Qc7 11. h4 h6 12. h5 Nc8 13. Qe1 Nb6 14. Bd1 O-O-O 15. Nh4 Be7 16. f4 Rhg8 17. Bc2 Kb8 18. Ndf3 Qc8 {1-0 (48) Zhigalko,S (2604)-Vitiugov,N (2719) St Petersburg 2018}) 11. b3 cxb3 12. c4 Be7 $146 ({Predecessor:} 12... Ne7 13. c5 Qc7 14. Bb2 Ba4 15. Bd3 Ng6 16. g3 b6 17. Qe2 bxc5 18. Bb5+ Bxb5 19. Qxb5+ {½-½ (49) Stets,V (2257)-Sshedrin,I (2160) Odessa 2010}) 13. Bd3 ({White should play} 13. cxd5 $16 exd5 14. Nxb3) 13... Ba4 14. Bb2 (14. cxd5 $11 exd5 15. Bb2) 14... O-O (14... Qa6 $15 {stays ahead.} 15. Qe2 Nxc4 16. Nxc4 Bb5) 15. c5 Qc7 16. Bc3 Nc6 17. Nxb3 b6 18. Qc1 Bxb3 19. cxb6 Nxb6 20. Rxb3 a5 {[%emt 0:02:50] [#]} 21. Qb1 (21. Bd2 $1 $16) 21... Rab8 (21... Rfb8 $1 $11 {keeps the balance.}) 22. Bxh7+ Kh8 23. Bd3 a4 {[%emt 0:01:57] [#]} 24. Rb2 $1 Bxa3 {[%emt 0:01:18] [#]} (24... Kg8 $14) 25. Ra2 ({Better is} 25. Rc2 $1 $16) 25... Nxe5 $2 (25... Be7 $1 $14) 26. Nxe5 ({Weaker is} 26. Rxa3 Nxf3+ 27. gxf3 Nc4 $15) 26... Qxc3 {[%emt 0:01:31] [#]} 27. Qd1 $1 g6 {[%emt 0:02:40] [#]} 28. Rc2 $2 (28. Bxg6 $1 $18 fxg6 29. Nxg6+ Kg8 30. Nxf8 Kxf8 31. Qh5) 28... Qxd4 29. Nc6 {[%emt 0:00:07] Double Attack} Qf6 30. Nxb8 Rxb8 31. Qd2 Kg7 32. Qa5 Bd6 33. Rc6 {[%emt 0:01:15] [#]} Qe5 (33... Be5 $1 $17 34. Qb4 (34. Rxb6 $2 Bc7 $19) 34... Bd4) 34. g3 Nc8 (34... Nd7 $11) 35. Qa6 Qd4 $1 36. Bc2 ({Much weaker is} 36. Rxd6 Nxd6 37. Qxd6 Rb6 $15) 36... Nb6 $2 ({Better is} 36... Bc5 $1 $14) 37. Rd1 Qf6 38. Rxd6 Nc4 39. Rc6 ({Less strong is} 39. Bxa4 Rb2 $16) 39... Rb2 $2 (39... a3 40. Qa7 Rb2) 40. Qxa4 Qc3 41. Bd3 (41. Rc1 $142) 41... Qd4 $2 {[%emt 0:00:23] [#]} (41... Qf6) 42. Be2 $1 Qf6 43. Rxc4 dxc4 44. Qxc4 Qe5 45. Bf3 Qf6 46. Qd4 Qxd4 47. Rxd4 g5 48. h4 gxh4 49. gxh4 e5 50. Rd7 Rb4 51. h5 Rf4 52. Kg2 Kh6 53. Kg3 f6 54. Rf7 Rf5 55. Bg4 Rf4 56. f3 Kg5 57. Rg7+ Kh6 58. Rg6+ Kh7 $18 59. Bh3 Rb4 60. Rxf6 Rb3 61. Bf5+ 1-0

[Event "3rd HoliCup Lake City 2019"]
[Site "Udaipur"]
[Date "2019.03.31"]
[Round "7.12"]
[White "Vikramaditya, Mukhija"]
[Black "Ayush, Jha"]
[Result "0-1"]
[ECO "A84"]
[WhiteElo "1627"]
[BlackElo "1861"]
[Annotator "NA RC"]
[PlyCount "65"]
[EventDate "2019.??.??"]
[EventCountry "IND"]
[SourceTitle "playchess.com"]
[Source "ChessBase"]
[SourceQuality "1"]
[TimeControl "5400+30"]

1. d4 f5 2. c4 Nf6 3. Nf3 e6 4. g3 c6 5. Bg2 d5 6. O-O Bd6 7. Nc3 O-O 8. Qc2 b6 {[%emt 0:06:44] A90: Dutch Defence: Miscellaneous and Modern Stonewall (with ...Bd6)} (8... Qe7 9. Rb1 Bd7 10. c5 Bc7 11. b4 Ne4 12. Nxe4 fxe4 13. Bg5 Qf7 14. Ne5 Bxe5 15. dxe5 Be8 16. f3 Nd7 17. fxe4 {½-½ (48) Wojtaszek,R (2750)-Sadzikowski,D (2588) Warsaw 2018}) 9. Rd1 Qc7 10. Ne5 Nbd7 11. f4 $146 ({Predecessor:} 11. Nd3 Bb7 12. b3 Rac8 13. e3 g5 14. a4 a6 15. Qa2 Ne4 {0-1 (62) Veltkamp,G (2183)-Bronowicki,M (2370) Krakow 2009}) 11... Bb7 12. cxd5 cxd5 13. Qb3 a6 14. Bd2 b5 15. Rdc1 Qb6 16. e3 Rac8 17. a4 b4 (17... bxa4 $14 18. Qxa4 Rfd8) 18. a5 Qd8 19. Ne2 Qe7 20. Ra4 Ne4 21. Bxb4 Nxe5 (21... Rxc1+ $16 {might work better.} 22. Nxc1 Rc8) 22. fxe5 (22. Rxc8 $18 Rxc8 23. fxe5 (23. dxe5 Bc5 $16) 23... Bxb4 24. Rxb4 (24. Qxb4 Qd7 $16)) 22... Bxb4 23. Qxb4 Rxc1+ 24. Nxc1 Qg5 25. Ra3 Qg4 26. Qxb7 $2 (26. Qe1 $16 {and life is bright.}) 26... Qd1+ 27. Bf1 Qxc1 28. Qxa6 $2 (28. Qb6 Kh8 29. Qxa6 Qxb2 30. Qd3) 28... Qxb2 29. Qd3 Rc8 30. Qa6 Qf2+ 31. Kh1 Rc2 32. Qxe6+ Kf8 33. Ra1 0-1

[Event "3rd HoliCup Lake City 2019"]
[Site "Udaipur"]
[Date "2019.03.31"]
[Round "7.13"]
[White "Yogesh, Bharat Mahamuni"]
[Black "Chudasama, Ankit"]
[Result "0-1"]
[ECO "B96"]
[WhiteElo "1455"]
[BlackElo "1853"]
[Annotator "NA RC"]
[PlyCount "80"]
[EventDate "2019.??.??"]
[EventCountry "IND"]
[SourceTitle "playchess.com"]
[Source "ChessBase"]
[SourceQuality "1"]
[TimeControl "5400+30"]

1. e4 c5 2. Nf3 d6 3. d4 cxd4 4. Nxd4 Nf6 5. Nc3 a6 6. Bg5 e6 7. f4 h6 {[%emt 0:00:05] B96: Sicilian Najdorf: 6 Bg5 e6 7 f4, lines other than 7...Qb6 and 7...Be7} (7... Nbd7 8. Qe2 h6 9. Bh4 e5 10. fxe5 dxe5 11. Nf5 Nb6 12. Qf3 Bxf5 13. Qxf5 Be7 14. Bd3 Nfd7 15. Bxe7 Qxe7 16. O-O-O O-O 17. Kb1 Nc5 18. Be2 Rad8 19. Qf2 Qc7 20. Qe3 Qc6 21. Rhe1 Rfe8 22. a3 Kf8 {½-½ (22) Anand,V (2773)-Nepomniachtchi,I (2763) Wijk aan Zee 2019}) 8. Bxf6 gxf6 9. Qd2 Bd7 10. f5 $146 Nc6 11. fxe6 fxe6 12. Be2 h5 13. Qd1 {[%emt 0:02:15] [#]} Qa5 ({Better is} 13... Qb6 $1 $17 14. Bxh5+ Kd8 15. Nxc6+ Bxc6) 14. Bc4 (14. Nxc6 $11 Bxc6 15. Qd3) 14... Qe5 15. Nf3 Qc5 16. Qe2 b5 17. Bd3 Bh6 18. e5 (18. Nd1 $17) 18... Nxe5 ({Resist} 18... dxe5 19. Ne4 $15) 19. Nxe5 Qxe5 20. Qxe5 dxe5 21. Bg6+ Ke7 22. Bxh5 b4 23. Ne4 (23. Nd1 {was worth a try.}) 23... f5 24. Nf2 Bf4 25. Be2 Bxh2 26. a3 Bg3 27. Rh3 $2 (27. Kf1 {is a better defense.} a5 28. Rxh8 Rxh8 29. axb4 axb4 30. Ra7) 27... Rxh3 {[%emt 0:01:00] Pin} 28. gxh3 Rc8 29. Bd1 e4 30. Kf1 Bb5+ 31. Kg2 Be5 32. axb4 Rg8+ 33. Kh1 e3 34. Ng4 fxg4 35. Bxg4 Bxb2 36. Re1 Bd4 37. c3 Bc6+ 38. Kh2 Be5+ 39. Kg1 Bxc3 {[%emt 0:00:04] Double Attack} 40. Rc1 e2 0-1

[Event "3rd HoliCup Lake City 2019"]
[Site "Udaipur"]
[Date "2019.03.31"]
[Round "7.14"]
[White "Dubey, Sanchay"]
[Black "Dhiraj, Patil"]
[Result "0-1"]
[ECO "B01"]
[WhiteElo "1828"]
[BlackElo "1425"]
[Annotator "NA RC"]
[PlyCount "128"]
[EventDate "2019.??.??"]
[EventCountry "IND"]
[SourceTitle "playchess.com"]
[Source "ChessBase"]
[SourceQuality "1"]
[TimeControl "5400+30"]

1. e4 d5 2. exd5 Nf6 3. Nf3 Qxd5 4. Nc3 Qd8 5. Bc4 Nc6 (5... a6 6. a4 Nc6 7. h3 Bf5 8. d3 h6 9. g4 Bg6 10. Bf4 e6 11. Ne5 Nxe5 12. Bxe5 Bd6 13. Qe2 Bxe5 14. Qxe5 {1-0 (44) Kamsky,G (2677)-Bartholomew,J (2477) Reykjavik 2018}) 6. d4 {[%emt 0:03:17] B01: Scandinavian Defence} Bg4 7. Be3 e6 8. h3 Bh5 9. a3 Be7 $146 ({Predecessor:} 9... a6 10. Qe2 Nd5 11. Nxd5 exd5 12. Bd3 Be7 13. O-O-O {1-0 (34) Shamilov,E-Long,H Vancouver 2002}) 10. Bb5 Bxf3 (10... O-O $11 {keeps the balance.}) 11. Qxf3 Qd7 12. g4 Nd5 13. Nxd5 Qxd5 14. Qxd5 exd5 15. O-O-O O-O-O 16. Bxc6 bxc6 17. a4 Bh4 18. Rhg1 h6 19. Rd3 Rhe8 20. Kd2 Re6 21. b4 Rde8 22. Ke2 a6 23. Kf3 g5 24. Rd2 Re4 25. Re2 {[%emt 0:02:46] [#]} f5 $1 26. gxf5 Rf8 27. Ree1 Rxf5+ 28. Kg2 h5 29. f3 Re7 30. Bf2 Bxf2 31. Kxf2 Ref7 32. Re3 Kd7 33. Ke2 Kd6 34. c3 R7f6 35. Rg3 Re6 36. Rxe6+ Kxe6 37. h4 Kf6 38. hxg5+ Rxg5 39. Rh3 $1 Kg6 40. Kf2 Kf5 (40... Kh6 $11) 41. Rh4 ({White should try} 41. Rh1 $16) 41... Kg6 $1 42. f4 Rf5 43. Ke3 Rf7 44. Rh1 Rh7 45. Kf3 Kf5 46. Rh4 Rh6 47. Rh1 (47. Ke3 $11) 47... h4 48. Rh3 Rh5 49. a5 Rh7 50. Rh2 h3 51. Kg3 Rh6 52. Kf3 Rh7 (52... Rh8 $17 53. Kg3 Rh7) 53. Kg3 Ke4 54. Re2+ Kd3 {[%emt 0:00:12] Double Attack} 55. Rh2 Kxc3 56. Rxh3 Rxh3+ 57. Kxh3 Kxd4 58. Kg4 $2 (58. f5 Ke5 59. Kg4) 58... Ke4 59. f5 {[%emt 0:00:01] [#]} d4 $1 60. f6 d3 61. f7 $19 d2 62. f8=Q d1=Q+ 63. Kh3 $2 (63. Kg5 $19 Qd5+ 64. Kh4) 63... Qf3+ 64. Qxf3+ Kxf3 0-1

[Event "3rd HoliCup Lake City 2019"]
[Site "Udaipur"]
[Date "2019.03.31"]
[Round "7.16"]
[White "Rathore, S.K."]
[Black "Falgun, D Purohit"]
[Result "1-0"]
[ECO "B11"]
[WhiteElo "2092"]
[BlackElo "1727"]
[Annotator "NA RC"]
[PlyCount "146"]
[EventDate "2019.??.??"]
[EventCountry "IND"]
[SourceTitle "playchess.com"]
[Source "ChessBase"]
[SourceQuality "1"]
[TimeControl "5400+30"]

1. e4 c6 2. Nc3 d5 3. Nf3 Bg4 4. h3 Bxf3 5. Qxf3 e6 6. b3 Nf6 {[%emt 0:03:36] B11: Caro-Kann: Two Knights Variation} 7. Bb2 Nbd7 8. exd5 (8. Qe3 Bd6 9. g3 O-O 10. Bg2 Qb6 11. Qxb6 {½-½ (11) Golubka,P (2484)-Khenkin,I (2565) Bad Homburg 2018}) 8... cxd5 9. Bb5 a6 $146 ({Predecessor:} 9... Be7 10. O-O O-O 11. d4 Qa5 12. Bd3 Ba3 13. Bxa3 Qxa3 14. Qg3 {0-1 (83) Bengherabi,K (2170)-Laurusas,T (2435) Tromsoe 2014}) 10. Bxd7+ Qxd7 11. g4 Qc7 12. Rc1 Qe5+ 13. Qe2 Qxe2+ 14. Nxe2 Be7 15. c4 O-O (15... dxc4 $15 16. Rxc4 b5) 16. Bxf6 Bxf6 17. cxd5 exd5 18. Rc7 b5 19. Rc5 Rfd8 20. O-O Be7 21. Rc7 Ba3 22. Nc3 Bd6 23. Rc6 Bb4 24. Rc1 Ba3 25. Re1 d4 26. Nb1 Bb4 27. Kg2 a5 28. a3 (28. d3 $2 ) (28. Re5 $11) 28... Bf8 29. d3 Rd5 30. Re2 h5 31. Rec2 hxg4 32. hxg4 f6 33. Rc8 Ra7 34. Rb8 Kf7 35. a4 bxa4 36. bxa4 Bb4 37. Nd2 Bxd2 38. Rxd2 Rc7 39. Kf3 Rc3 40. Ke4 Re5+ 41. Kxd4 Ra3 42. Rc2 Rxa4+ 43. Rc4 Ra2 44. Rc7+ Re7 45. Rxe7+ Kxe7 46. Rb7+ Ke6 47. Rb6+ Ke7 48. f3 Ra4+ 49. Ke3 g6 50. g5 fxg5 51. Rxg6 Rb4 52. Rxg5 a4 53. Ra5 Kd6 54. d4 Rb3+ 55. Ke4 a3 (55... Ra3 $11 {keeps the balance.}) 56. Ra6+ Kd7 57. f4 Kc7 $2 (57... Ke7 $16 58. Ra7+ Kf6) 58. f5 Kb7 59. Ra4 Kc6 60. f6 Kd7 61. Ke5 (61. d5 $142 Rb6 62. Kf5 (62. Rxa3 Rxf6 63. Ke5 Rf1 $16)) 61... Re3+ 62. Kd5 Rf3 63. Ra7+ Ke8 64. Ke5 Re3+ {[%emt 0:00:14] [#]} 65. Kf4 $1 Rb3 66. d5 Rd3 {[%emt 0:01:08] [#]} 67. Ke4 $1 Rh3 68. d6 a2 69. Rxa2 Kd7 70. f7 Rh8 71. Rf2 Rf8 72. Ke5 Kd8 73. Ke6 Kc8 1-0

[Event "3rd HoliCup Lake City 2019"]
[Site "Udaipur"]
[Date "2019.03.31"]
[Round "7.17"]
[White "Pandey, Srishti"]
[Black "Rawal, Shailesh"]
[Result "1/2-1/2"]
[ECO "E15"]
[WhiteElo "2020"]
[BlackElo "1716"]
[Annotator "NA RC"]
[PlyCount "89"]
[EventDate "2019.??.??"]
[EventCountry "IND"]
[SourceTitle "playchess.com"]
[Source "ChessBase"]
[SourceQuality "1"]
[TimeControl "5400+30"]

1. d4 Nf6 2. c4 e6 3. Nf3 b6 4. g3 Bb7 5. Bg2 g6 6. O-O Bg7 7. Nc3 Ne4 {[%emt 0:00:13] E16: Queen's Indian: 4 g3 Bb7 5 Bg2 Bb4+} (7... O-O 8. d5 exd5 9. cxd5 Re8 10. Nd4 c5 11. Ndb5 d6 12. Bf4 Bf8 13. a4 a6 14. Na3 Nh5 15. Bd2 Nd7 {1-0 (47) Ponomariov,R (2686)-Hou,Y (2658) Shenzhen 2018}) 8. Qd3 Nxc3 9. Qxc3 O-O 10. Bg5 Qc8 11. Qd2 d6 12. d5 e5 13. e4 $146 ({Predecessor:} 13. Bh6 a5 14. e4 Na6 15. Nh4 {½-½ (32) Van de Mortel,J (2410)-Welling,G (2364) Germany 2001}) 13... a5 14. h4 h5 15. Kh2 Qe8 16. Ne1 Bc8 17. Nd3 Kh7 18. Be3 f5 19. f4 fxe4 20. Nf2 Bf5 21. Bxe4 Nd7 22. Rae1 Bh6 23. Bxf5 Rxf5 24. Ne4 Qf8 25. Kg2 Re8 26. Ng5+ Bxg5 $1 27. fxg5 Qf7 28. Rxf5 Qxf5 29. Rf1 Qe4+ 30. Kh2 Rf8 31. Rxf8 Nxf8 32. Qf2 Kg8 33. b3 a4 34. Bc1 (34. Qd2 $1 $15) 34... axb3 35. axb3 Qd3 36. Qe3 Qc2+ 37. Kh3 {[%emt 0:00:31] [#]} (37. Bd2 {was worth a try.}) 37... Nd7 $1 38. Ba3 Qd1 39. Kg2 Qc2+ ({Black should try} 39... Qb1 $17 40. Bb4 Qb2+ 41. Kg1 Qc2) 40. Kh3 $1 e4 41. Qf4 Ne5 $2 ({Black should play} 41... Qb1 $19 42. Bc1 Qxb3 43. Qxe4 Ne5) 42. Qf6 e3 43. Qd8+ Kg7 44. Qf6+ Kg8 45. Qd8+ $11 1/2-1/2